 Dungeon Crawl Stone Soup version 0.27-a0-1189-gb8eb6cee8e (webtiles) character file.

Game seed: 4397981384137015314

39 Zonian the Cutter (level 3, 0/21 HPs)
             Began as a Kobold Gladiator on May 22, 2021.
             Succumbed to a water moccasin's poison
             ... on level 3 of the Dungeon.
             The game lasted 00:02:36 (2092 turns).

Zonian the Cutter (Kobold Gladiator)                Turns: 2092, Time: 00:02:38

Health: 0/21       AC:  7    Str: 10 (11) XL:     3   Next: 70%
Magic:  3/3        EV: 13    Int:  7 (9)  God:
Gold:   125        SH:  0    Dex: 14 (17) Spells: 2/2 levels left

rFire    . . .     SeeInvis .   a - +0 rapier
rCold    . . .     Faith    .   (shield restricted)
rNeg     . . .     Spirit   .   m - +0 ring mail
rPois    .         Reflect  .   c - +0 helmet
rElec    .         Harm     .   i - +0 cloak
rCorr    .         Rampage  .   (no gloves)
Will     .....                  (no boots)
Stlth    ++........             (no amulet)
HPRegen  0.07/turn              (no ring)
MPRegen  0.08/turn              (no ring)

@: lethally poisoned (0 -> -3), attractive
A: small, no large weapons, nightstalker 3
a: no special abilities


You were on level 3 of the Dungeon.
You visited 1 branch of the dungeon, and saw 3 of its levels.

You collected 125 gold pieces.

Inventory:

Hand Weapons
 a - a +0 rapier (weapon)
 j - a +0 hunting sling
Missiles
 d - a throwing net (quivered)
 k - 3 boomerangs
 p - 42 sling bullets
 r - 3 curare-tipped darts
Armour
 b - a +0 leather armour
 c - a +0 helmet (worn)
 i - a +0 cloak (worn)
 m - a +0 ring mail (worn)
Scrolls
 f - 2 scrolls of fog {unknown}
 g - 4 scrolls of identify {unknown}
 l - a scroll of blinking {unknown}
 o - a scroll of vulnerability {unknown}


   Skills:
 + Level 2.2 Fighting
 + Level 5.0 Short Blades
 + Level 2.3 Throwing
 + Level 4.3 Dodging
 + Level 1.1 Stealth


You had 2 spell levels left.
You didn't know any spells.
Your spell library contained the following spells:

 Spells                   Type           Power      Damage    Failure   Level
 Animate Skeleton         Necr           0%         N/A       77%         1
 Apportation              Tloc           0%         N/A       77%         1
 Beastly Appendage        Tmut           0%         N/A       77%         1
 Corona                   Hex            0%         N/A       77%         1
 Summon Small Mammal      Summ           0%         N/A       77%         1
 Wereblood                Tmut           0%         N/A       88%         2
 Spider Form              Tmut/Pois      0%         N/A       98%         3
 Ice Form                 Ice/Tmut       0%         N/A       100%        4
 Hydra Form               Tmut           0%         N/A       100%        5


Dungeon Overview and Level Annotations

Branches:
Dungeon (3/15)

Altars:
Kikubaaqudgha

Shops:
D:2 *


Innate Abilities, Weirdness & Mutations

You are small and have problems with some larger weapons.
You are completely attuned to the shadows.


Message History

* * * LOW HITPOINT WARNING * * *
You are lethally poisoned!
The water moccasin poisons you!
Unknown command.
It was a potion of heal wounds.
You feel much better.
You feel very sick. The water moccasin barely misses you.
Unknown command.
You miss the water moccasin.
The water moccasin is lightly wounded.
You feel sick. The water moccasin barely misses you.
The water moccasin bites you.
You hit the water moccasin but do no damage.
The water moccasin is lightly wounded.
You feel sick. The water moccasin closely misses you.
Unknown command.
Throw: 3 throwing nets
Press: ? - help, Q - select action, (/) - cycle Shift-Dir - straight line, f - adder
Aim: an adder (44% to hit)
You throw a throwing net. The throwing net misses the adder.
You feel sick. The adder bites you. The water moccasin closely misses you.
The adder misses you.
Throw: 2 throwing nets
Press: ? - help, Q - select action, (/) - cycle Shift-Dir - straight line, f/p - adder
Aim: an adder (44% to hit)
You throw a throwing net.
The throwing net barely misses the adder.
You feel sick. The water moccasin bites you!
* * * LOW HITPOINT WARNING * * *
The adder bites you but does no damage.
It was a potion of degeneration.
There was something very wrong with that liquid.
You feel weakened.
You feel dopey.
You feel clumsy.
* * * LOW HITPOINT WARNING * * *
You feel sick. The water moccasin closely misses you.
The adder barely misses you. The water moccasin closely misses you.
Unknown command.
It was a potion of attraction.
You feel attractive to monsters.
You die...

... .# #.B #.#
#.. #.# #.#
.#..##.##.....
....@Sg...#....
...S##.##?./..##
#..............#.
#(.###..†........
#.. #####.....#
##...# ##.###
#...# ###...###


You could see a water moccasin, an adder, a giant cockroach (asleep) and a
goblin.

Vanquished Creatures
  6 bats
  3 endoplasms
  A giant cockroach (D:2)
  5 goblins
  4 hobgoblins
  3 jackals (D:2)
  3 quokkas
  4 ball pythons (D:1)
  3 frilled lizards
  2 kobolds
  A rat (D:3)
35 creatures vanquished.

Notes
Turn   | Place    | Note
-------+----------+-------------------------------------------
     0 | D:1      | Zonian the Kobold Gladiator began the quest for the Orb.
     0 | D:1      | Reached XP level 1. HP: 12/12 MP: 1/1
   356 | D:1      | Reached XP level 2. HP: 17/17 MP: 2/2
  1054 | D:2      | Reached XP level 3. HP: 16/21 MP: 3/3
  1138 | D:2      | Found an ancient bone altar of Kikubaaqudgha.
  1420 | D:2      | Found Oseimnel's General Store.
  1498 | D:2      | Reached skill level 1 in Stealth
  2025 | D:3      | Reached skill level 5 in Short Blades
  2072 | D:3      | Noticed a water moccasin
  2091 | D:3      | HP: 1/21 [poisoned by a water moccasin]
  2092 | D:3      | Succumbed to a water moccasin's poison

Illustrated notes

Levels and vault maps discovered:
D:1:      lightli_arrival_flooded_house, layout_loops_cross
D:2:      layout_loops_ring, serial_shops, shop, basic_altar, minivault_5,
          serial_bayou_crossing
D:3:      due_chaos_kobolds, layout_loops_ring, serial_shops,
          nicolae_shop_trees, uniq_natasha, uniq_ijyb

Skill      XL: |  1  2  3 |
---------------+----------+-----
Dodging        | 4 |  4.3
Stealth        | 1 |  1.1
Short Blades   | 5 |  5.0
Fighting       | |  2.2
Throwing       | |  2.3

Action                   || total
-------------------------++-------
Melee: Rapier            ||    96
Throw: Throwing net      ||     2
  Use: Potion            ||     5
 Stab: Sleeping          ||     9
Armor: Leather armour    ||    17
       Ring mail         ||    20
Dodge: Dodged            ||    94

Table legend: (Time is in decaauts)
 A = Elapsed time spent in this place.
 B = Non-inter-level travel time spent in this place.
 C = Inter-level travel time spent in this place.
 D = Time resting spent in this place.
 E = Time spent auto-exploring this place.
 F = Levels seen in this place.
 G = Mean time per level.
                   A        B        C        D        E       F      G
               +--------+--------+--------+--------+--------+-----+--------+
         Total |   2095 |   2049 |     46 |      0 |   1773 |   3 |  698.3 |
       Dungeon |   2095 |   2049 |     46 |      0 |   1773 |   3 |  698.3 |
               +--------+--------+--------+--------+--------+-----+--------+

Top non-repeatable levels by time:
     D:2: 971 daAuts
     D:1: 921 daAuts
     D:3: 203 daAuts
